 Dungeon Sprint DCSS version 0.17-a0-1663-gb806841 (webtiles) character file.

132 Kidiri the Covered (level 4, 0/42 HPs)
             Began as a Minotaur Fighter on Aug 16, 2015.
             Was a Follower of Okawaru.
             Succumbed to an orc wizard's poison
             ... while paralysed by a giant eyeball
             ... in the Dungeon (Sprint VII: "The Pits").
             The game lasted 00:01:40 (217 turns).

Kidiri the Covered (Minotaur Fighter)                Turns: 217, Time: 00:01:40

Health: 0/42       AC:  7    Str: 22    XL:     4   Next: 92%
Magic:  5/5        EV:  2    Int:  5    God:    Okawaru [*.....]
Gold:   0          SH:  0    Dex:  9    Spells: 0 memorised, 3 levels left

rFire  . . .     SeeInvis .     a - +2 mace
rCold  . . .     Clarity  .     b - +0 scale mail
rNeg   . . .     SustAt   .     c - +0 shield
rPois  .         Gourm    .     (helmet restricted)
rElec  .         Spirit   .     (no cloak)
rCorr  .         Warding  .     (no gloves)
rMut   .         NoTele   +     (no boots)
MR     .....                    (no amulet)
Stlth  ..........               (no ring)
                                (no ring)

@: paralysed, lethally poisoned (0 -> -17), slowed, lost intelligence, not
resistant to hostile enchantments, extremely unstealthy
A: retaliatory headbutt, horns 2
a: Heroism, Renounce Religion


You were in the Dungeon.
You worshipped Okawaru.
Okawaru was aware of your devotion.
You were not hungry.

You visited 1 branch

Inventory:

Hand weapons
 a - a +2 mace (weapon)
Armour
 b - a +0 scale mail (worn)
 c - a +0 shield (worn)
Scrolls
 k - a scroll of blinking
 p - 3 scrolls of remove curse
 q - 5 scrolls of amnesia
 r - a scroll of summoning
Potions
 d - a potion of might
 h - a potion of haste
 i - 4 potions of magic
 j - 3 potions of berserk rage
 o - 2 potions of invisibility
Comestibles
 e - 8 bread rations
 l - 4 chunks of flesh
 m - 40 fruits
 n - 7 meat rations


   Skills:
 + Level 5.2 Fighting
 * Level 6.0 Maces & Flails
 * Level 6.7 Armour
 + Level 3.5 Dodging
 * Level 6.4 Shields
 + Level 2.8 Invocations


You had 3 spell levels left.
You didn't know any spells.

Dungeon Overview and Level Annotations

Branches:
Dungeon (1/1)

Altars:
Ashenzari
Cheibriados
Dithmenos
Elyvilon
Fedhas
Gozag
Kikubaaqudgha
Makhleb
Nemelex Xobeh
Okawaru
Qazlal
Ru
Sif Muna
Trog
Vehumet
Xom
Yredelemnul
Zin
The Shining One
Beogh
Jiyva
Lugonu


Innate Abilities, Weirdness & Mutations

You reflexively headbutt those who attack you in melee.
You have a pair of horns on your head.


Message History

Things that are here:
a club; an inedible chunk of flesh
* * * LOW HITPOINT WARNING * * *
You feel very sick.
You thump the giant eyeball!
The giant eyeball is heavily wounded.
* * * LOW HITPOINT WARNING * * *
You feel very sick.
You hit the giant eyeball.
The giant eyeball is severely wounded.
* * * LOW HITPOINT WARNING * * *
You feel very sick. The giant eyeball gazes at you.
You suddenly lose the ability to move!
* * * LOW HITPOINT WARNING * * *
You feel sick.
Some of the chunks of flesh in your inventory have rotted away.
* * * LOW HITPOINT WARNING * * *
You feel sick.
You die...

#__________#
#__________#
#.#####+##############++
#_#)))+.+..##...........
#_#)))#.#?(##......#..#.
#######+#####...........
#......)....'...........
#+#####)#####......#..#.
#...#@# #...........
#...#G# ####+#####++
#.).).# #.......#
##w#### #.......#
#.w..w# #.......#
#.§.oo# #...<...#
#.....o. #.......#
#....G..§##.......#
###########.......#


You could see a giant eyeball.

Vanquished Creatures
  A brain worm (D)
  An orc wizard (D)
  A gnoll (D)
  A river rat (D)
  An ooze (D)
  A giant gecko (D)
  2 orcs (D)
  A hobgoblin (D)
  A quokka skeleton (D)
10 creatures vanquished.

Notes
Turn   | Place    | Note
--------------------------------------------------------------
     0 | D        | Kidiri the Minotaur Fighter began the quest for the Orb.
     0 | D        | Reached XP level 1. HP: 19/19 MP: 0/0
    14 | D        | Reached skill level 4 in Armour
    28 | D        | Found a sacrificial altar of Ru.
    28 | D        | Found a basalt altar of Yredelemnul.
    28 | D        | Found a shadowy altar of Dithmenos.
    28 | D        | Found a deep blue altar of Sif Muna.
    28 | D        | Found a burning altar of Makhleb.
    28 | D        | Found a shimmering altar of Xom.
    28 | D        | Found an ancient bone altar of Kikubaaqudgha.
    28 | D        | Found a sparkling altar of Nemelex Xobeh.
    29 | D        | Found a glowing golden altar of the Shining One.
    29 | D        | Found a bloodstained altar of Trog.
    29 | D        | Found a shattered altar of Ashenzari.
    29 | D        | Found a white marble altar of Elyvilon.
    29 | D        | Found a snail-covered altar of Cheibriados.
    29 | D        | Found a blossoming altar of Fedhas.
    29 | D        | Found a radiant altar of Vehumet.
    29 | D        | Found a glowing silver altar of Zin.
    29 | D        | Found a corrupted altar of Lugonu.
    29 | D        | Found a viscous altar of Jiyva.
    29 | D        | Found a roughly hewn altar of Beogh.
    29 | D        | Found an iron altar of Okawaru.
    35 | D        | Found a stormy altar of Qazlal.
    36 | D        | Found an opulent altar of Gozag.
    38 | D        | Became a worshipper of Warmaster Okawaru
    87 | D        | Reached skill level 1 in Dodging
    87 | D        | Reached skill level 1 in Invocations
    87 | D        | Reached XP level 2. HP: 24/27 MP: 1/1
   181 | D        | Noticed a brain worm
   181 | D        | Noticed an orc priest
   181 | D        | Noticed an orc wizard
   184 | D        | Reached skill level 5 in Armour
   186 | D        | Reached XP level 3. HP: 31/33 MP: 2/2
   188 | D        | Lost intelligence.
   200 | D        | Killed a brain worm
   200 | D        | Acquired Okawaru's first power
   200 | D        | Reached skill level 5 in Fighting
   200 | D        | Reached skill level 5 in Maces & Flails
   200 | D        | Reached skill level 6 in Armour
   200 | D        | Reached XP level 4. HP: 31/42 MP: 4/4
   209 | D        | Killed an orc wizard
   214 | D        | Paralysed by a giant eyeball for 4 turns
   216 | D        | HP: 1/42 [poisoned by an orc wizard]
   217 | D        | Succumbed to an orc wizard's poison

Vault maps used:
D:        pitsprint

Action                   |  1- 3 |  4- 6 || total
-------------------------+-------+-------++-------
Melee: Mace              |    29 |     7 ||    36
       Flail             |     1 |       ||     1
  Use: Potion            |     1 |     1 ||     2
